AoeStats
← PALITOMAN

Lombardia

508985161Analyzed
3v3 RM · 8d ago on Sep 25, 2026· 42m 48s· 6 players
Game mode
Random Map
Map size
Normal (6 player)
Population
200
Speed
Normal
Resources
Standard
Victory
Conquest
Starting age
Dark Age
Ending age
Imperial Age
RankedLock teamsTeams togetherTeam positionsShared explorationLock speedFull tech treeHidden civsTurbo modeCheats
Victory
Defeat
🇺🇸 Romans · United States
1130
+17
🇨🇳 Franks · China
1119
+17
🇨🇴 Byzantines · Colombia
1109
+18
🇦🇷 Mongols · Argentina
1167
-25
🇦🇷 Aztecs · Argentina
1156
-18
🇪🇸 Byzantines · Spain
1123
-16
easymoney
11:21 Feudal Age
16:52 Double-Bit Axe
22:33 Castle Age
21:13 Stone Mining
21:13 Gold Mining
25:39 Bow Saw
27:23 Gold Shaft Mining
27:28 Wheelbarrow
29:51 Hand Cart
31:37 Forging
31:27 Scale Mail Armor
31:33 Scale Barding Armor
34:39 Imperial Age
31:55 Loom
33:21 Iron Casting
33:31 Husbandry
35:11 Chain Barding Armor
34:49 Cavalier
36:05 Conscription
36:01 Chivalry
37:13 Paladin
38:54 Plate Barding Armor
42:11 Chemistry
41:31 Ballistics
40:52 Treadmill Crane
41:22 Masonry
42:14 Blast Furnace
41:29 Chain Mail Armor
micoelchico
5:04 Loom
9:21 Feudal Age
10:12 Double-Bit Axe
15:06 Fletching
28:31 Castle Age
27:46 Horse Collar
29:28 Heavy Plow
29:44 Stone Mining
29:45 Gold Mining
31:08 Bow Saw
34:11 Imperial Age
32:28 Bow Saw
32:35 Bodkin Arrow
32:41 Padded Archer Armor
32:27 Crossbowman
34:15 Wheelbarrow
34:34 Padded Archer Armor
36:17 Chemistry
35:41 Bracer
37:07 Hand Cart
37:50 Thumb Ring
39:44 Leather Archer Armor
40:35 Ballistics
Jersey_TitanX
7:50 Loom
10:00 Feudal Age
10:17 Man-at-Arms
10:47 Double-Bit Axe
10:45 Horse Collar
11:09 Gold Mining
15:21 Scale Mail Armor
16:59 Forging
22:21 Castle Age
21:14 Stone Mining
23:12 Long Swordsman
23:53 Squires
25:58 Wheelbarrow
26:26 Bow Saw
27:06 Town Watch
30:10 Iron Casting
33:29 Imperial Age
33:12 Heavy Plow
33:19 Scale Barding Armor
33:14 Pikeman
34:26 Husbandry
34:37 Bloodlines
34:35 Light Cavalry
37:55 Blast Furnace
37:18 Chain Barding Armor
37:50 Heavy Scorpion
39:58 Ballistics
40:39 Chemistry
42:10 Elite Centurion
42:32 Capped Ram
PALITOMAN
5:26 Loom
11:12 Feudal Age
16:59 Fletching
18:19 Double-Bit Axe
20:35 Castle Age
22:02 Bodkin Arrow
28:44 Wheelbarrow
33:56 Imperial Age
32:26 Hand Cart
33:23 Redemption
35:39 Chemistry
36:13 Pikeman
37:27 Forging
37:17 Scale Mail Armor
37:55 Ballistics
40:00 Iron Casting
40:53 Halberdier
ELTRAVERO
10:48 Feudal Age
11:32 Double-Bit Axe
12:25 Loom
15:18 Castle Age
13:28 Man-at-Arms
20:41 Long Swordsman
22:29 Squires
22:34 Scale Mail Armor
23:56 Bow Saw
26:17 Pikeman
27:31 Fervor
29:04 Wheelbarrow
29:10 Gambesons
33:25 Town Watch
34:59 Hand Cart
35:33 Sanctity
39:11 Imperial Age
37:18 Chain Mail Armor
37:13 Forging
37:32 Fletching
38:58 Redemption
40:11 Block Printing
40:55 Illumination
40:15 Horse Collar
41:41 Plate Mail Armor
41:46 Iron Casting
Lauta_mdp
6:31 Loom
10:28 Feudal Age
11:42 Town Watch
12:32 Wheelbarrow
13:07 Double-Bit Axe
13:49 Bloodlines
15:00 Fletching
25:08 Castle Age
24:10 Gold Mining
24:30 Stone Mining
30:23 Forging
30:18 Scale Barding Armor
36:48 Bodkin Arrow
39:17 Wheelbarrow
39:32 Town Watch
41:11 Iron Casting
41:53 Husbandry
41:17 Elite Skirmisher
42:02 Thumb Ring
Connection lost

Rejoining the realm…

Still unreachable

The connection could not be restored.

Session expired

The server has moved on; the page needs a fresh start.